 Dungeon Crawl Stone Soup version 0.29.0 (webtiles) character file.

Game seed: 9652407488656179339

348 Orban the Cudgeller (level 6, -3/48 HPs)
             Began as a Demonspawn Berserker on Sept 1, 2022.
             Was a Believer of Trog.
             Slain by Grinder (4 damage)
             ... on level 3 of the Dungeon.
             The game lasted 00:05:41 (3624 turns).

Orban the Cudgeller (Demonspawn Berserker)          Turns: 3624, Time: 00:05:41

Health: -3/48      AC: 15    Str: 19    XL:     6   Next: 33%
Magic:  0/6        EV: 10    Int:  9    God:    Trog [**....]
Gold:   196        SH:  0    Dex: 12    Spells: 5/5 levels left

rFire   . . .      SeeInvis .   s - +1 scythe (vorpal)
rCold   + . .      Faith    .   (shield currently unavailable)
rNeg    . . .      Spirit   +   k - +2 scale mail {rC+}
rPois   .          Reflect  .   (helmet restricted)
rElec   .          Harm     .   (no cloak)
rCorr   .          Rampage  .   w - +0 pair of gloves
Will    .....                   (no boots)
Stlth   ..........              j - amulet of guardian spirit
HPRegen 0.16/turn               (no ring)
MPRegen 0.20/turn               (no ring)

@: sanguine armoured, on berserk cooldown, flying, slowed, very slow
A: antennae 2, magic regeneration, sanguine armour 1
a: Renounce Religion, Berserk, Trog's Hand


You were on level 3 of the Dungeon.
You worshipped Trog.
Trog was pleased with you.
You visited 1 branch of the dungeon, and saw 3 of its levels.

You collected 196 gold pieces.

Inventory:

Hand Weapons
 a - a +0 mace
 s - a +1 vorpal scythe (weapon)
Armour
 b - a +0 animal skin
 k - a +2 scale mail of cold resistance (worn)
 n - a +0 kite shield
 w - a +0 pair of gloves (worn)
Magical Staves
 o - a staff of air
Jewellery
 j - an amulet of guardian spirit (around neck)
 v - an amulet of guardian spirit
Scrolls
 c - 2 scrolls of identify
 d - 2 scrolls of fog {unknown}
 e - 7 scrolls of teleportation
 i - a scroll of magic mapping {unknown}
 l - a scroll of fear {unknown}
 m - a scroll of noise {unknown}
 p - 2 scrolls of amnesia {unknown}
 r - a scroll of brand weapon {unknown}
Potions
 f - a potion of magic
 g - a potion of degeneration
 h - a potion of might
 q - 2 potions of cancellation
 t - a potion of flight
 u - 2 potions of invisibility {unknown}


   Skills:
 + Level 4.1 Fighting
 + Level 4.4 Maces & Flails
 + Level 1.4 Polearms
 + Level 2.8 Armour
 + Level 2.7 Dodging
 + Level 1.1 Stealth
 + Level 0.2 Shields


You had 5 spell levels left.
You didn't know any spells.
Your spell library was empty.

Dungeon Overview and Level Annotations

Branches:
Dungeon (3/15)

Altars:

Annotations:
D:3 Grinder


Innate Abilities, Weirdness & Mutations

You have a pair of antennae on your head.
You regenerate magic rapidly.
When seriously injured, your blood forms armour. (AC +6)


Message History

Grinder gestures at you. Pain shoots through your body! The phantom hits you.
You are too injured to fight recklessly!
You are too injured to fight recklessly!
You are too injured to fight recklessly!
You are too injured to fight recklessly!
You closely miss the phantom.
The phantom is severely damaged.
The phantom barely misses you.
You slash the phantom!
You destroy the phantom!
Trog accepts your kill.
Your Polearms skill increases to level 1!
You barely miss Grinder. Grinder hits you.
You closely miss Grinder. Grinder hits you.
You writhe in agony.
You closely miss Grinder. Grinder gestures at you.
Pain shoots through your body!
You barely miss Grinder. Grinder hits you but does no damage.
You puncture Grinder!
Grinder is moderately wounded.
Grinder hits you!
* * * LOW HITPOINT WARNING * * *
You writhe in agony.
* * * LOW HITPOINT WARNING * * *
You closely miss Grinder.
Grinder is moderately wounded.
You are no longer berserk.
You are exhausted.
You feel yourself slow down. Grinder hits you but does no damage.
You hit Grinder but do no damage.
Grinder is moderately wounded.
Grinder barely misses you. Grinder gestures at you.
Pain shoots through your body!
* * * LOW HITPOINT WARNING * * *
It was a potion of flight.
You feel very buoyant.
You fly up into the air.
Grinder hits you.
You die...

### #.#P.P#..# #.#
###≈.≈##.# #.#
≈≈.≈≈### #.#
≈≈≈.≈≈≈P## #.#
.........|. #.#
.P≈≈≈.≈≈≈P#.##)#####
♣.##≈≈.≈≈###..)))...##
##........# #
#.@5.......# # #.#
#..........# ##...#
#..........# ....#
#..........# ...##
#..........# .......
.....<....## ....###
.#.......... #...#
#!........ ##....


You could see Grinder.

Vanquished Creatures
  Sigmund (D:2)
  A phantom (D:3)
  Terence (D:2)
  An orc wizard (D:3)
  An adder (D:3)
  4 worms (D:2)
  4 orcs (D:3)
  10 ball pythons
  4 endoplasms
  A giant cockroach (D:2)
  5 goblins
  2 hobgoblins
  2 kobolds
  4 quokkas
  3 bats (D:2)
  4 frilled lizards
  A rat (D:3)
49 creatures vanquished.

Notes
Turn   | Place    | Note
-------+----------+-------------------------------------------
     0 | D:1      | Orban the Demonspawn Berserker began the quest for the Orb.
     0 | D:1      | Reached XP level 1. HP: 18/18 MP: 1/1
   739 | D:1      | Gained mutation: When seriously injured, your blood forms
                  | armour. (AC +6) [demonic ancestry]
   739 | D:1      | Reached XP level 2. HP: 24/24 MP: 2/2
  1141 | D:2      | Noticed Terence
  1148 | D:2      | Killed Terence
  1149 | D:2      | Gained mutation: You have a pair of small antennae on your
                  | head. [demonic ancestry]
  1149 | D:2      | Reached XP level 3. HP: 18/29 MP: 3/3
  1933 | D:2      | Found a faded altar of an unknown god.
  2062 | D:2      | Noticed Sigmund
  2072 | D:2      | Killed Sigmund
  2073 | D:2      | Gained mutation: You have a pair of antennae on your head.
                  | [demonic ancestry]
  2073 | D:2      | Reached XP level 4. HP: 37/37 MP: 4/4
  2073 | D:2      | Reached XP level 5. HP: 42/42 MP: 5/5
  2518 | D:2      | Reached ** piety under Trog
  3345 | D:3      | Reached skill level 1 in Stealth
  3592 | D:3      | Gained mutation: You regenerate magic rapidly. [demonic
                  | ancestry]
  3592 | D:3      | Reached XP level 6. HP: 48/48 MP: 6/6
  3606 | D:3      | Noticed Grinder
  3617 | D:3      | Reached skill level 1 in Polearms
  3623 | D:3      | HP: 1/48 [Grinder/nerve-wracking pain (10)]
  3624 | D:3      | Slain by Grinder

Illustrated notes

Levels and vault maps discovered:
D:1:      nzn_arrival_water_spiral, layout_loops_ring
D:2:      minmay_spotlight, layout_basic, serial_forest,
          infiniplex_forest_straight_2, infiniplex_forest_end_2,
          infiniplex_forest_corner_1, infiniplex_forest_lined_2,
          hellmonk_ecumenical_altar_leap_of_faith, minmay_diced_spiral,
          uniq_terence, uniq_sigmund
D:3:      layout_rooms, dreamdust_princess_bridge, grunt_decor_resistance,
          minmay_cut_off, uniq_grinder

Skill      XL: |  1  2  3  4  5  6 |
---------------+-------------------+-----
Dodging        | 2 |  2.7
Maces & Flails | 3 4 |  4.4
Fighting       | 4 |  4.1
Armour         | 2 |  2.8
Stealth        | 1 |  1.1
Polearms       | 1 |  1.4
Shields        | |  0.2

Action                   |  1- 3 |  4- 6 || total
-------------------------+-------+-------++-------
Melee: Mace              |   125 |       ||   125
       Punch             |     2 |       ||     2
       Halberd           |       |   125 ||   125
Invok: Berserk           |     3 |     2 ||     5
  Use: Scroll            |     3 |     2 ||     5
       Potion            |       |     1 ||     1
 Stab: Sleeping          |     2 |       ||     2
Armor: Animal skin       |    14 |       ||    14
       Scale mail        |    38 |    75 ||   113
Dodge: Dodged            |    58 |    77 ||   135
Block: Kite shield       |     6 |       ||     6
